 Dungeon Crawl Stone Soup version 0.30-a0-778-g2ef04afb54 (webtiles) character file.

Game seed: 11113851955599876495

18 scionoferis the Vexing (level 2, -1/23 HPs)
             Began as a Demigod Hexslinger on Feb 16, 2023.
             Slain by a hobgoblin (3 damage)
             ... on level 1 of the Dungeon.
             The game lasted 00:01:11 (409 turns).

scionoferis the Vexing (Demigod Hexslinger)          Turns: 409, Time: 00:01:11

Health: -1/23      AC:  2    Str: 11    XL:     2   Next: 33%
Magic:  5/5        EV: 12    Int: 15    God:
Gold:   36         SH:  0    Dex: 14    Spells: 2/3 levels left

rFire   . . .      SeeInvis .    a - +1 sling
rCold   . . .      Faith    .    (no shield)
rNeg    . . .      Spirit   .    c - +0 robe
rPois   .          Reflect  .    (no helmet)
rElec   .          Harm     .    (no cloak)
rCorr   .          Rampage  .    (no gloves)
Will    .....                    (no boots)
Stlth   ++                       (no amulet)
HPRegen 0.23/turn                (no ring)
MPRegen 0.09/turn                (no ring)

@: no status effects
A: high MP 1, forlorn, divine attributes
a: no special abilities


You were on level 1 of the Dungeon.
You visited 1 branch of the dungeon, and saw 1 of its levels.

You collected 36 gold pieces.


Innate Abilities, Weirdness & Mutations

You have an increased reservoir of magic. (+10% MP)
You shall have no god before yourself.
Your divine heritage dramatically boosts your attributes as you level up.


   Skills:
 + Level 1.3 Fighting
 - Level 1.7 Ranged Weapons
 * Level 2.3 Dodging
 + Level 0.9 Stealth
 - Level 1.0 Spellcasting
 - Level 2.6 Hexes


You had 2 spell levels left.
You knew the following spells:

 Your Spells              Type           Power      Damage    Failure   Level
a - Slow                  Hex            32%        N/A       9%          1

Your spell library contained the following spells:

 Spells                   Type           Power      Damage    Failure   Level
 Inner Flame              Hex/Fire       4%         N/A       38%         3
 Portal Projectile        Hex/Tloc       8%         N/A       38%         3
 Cause Fear               Hex            4%         N/A       63%         4

Inventory:

Hand Weapons
 a - a +1 sling (weapon)
 d - a +0 short sword
   (You took it off a kobold on level 1 of the Dungeon)
Armour
 c - a +0 robe (worn)
Scrolls
 b - 2 scrolls of poison
 e - a scroll of vulnerability {unknown}
 f - a scroll of enchant weapon {unknown}
 g - a scroll of blinking {unknown}

Dungeon Overview and Level Annotations

Branches:
Dungeon (1/15)

Shops:
D:1

( ...............#
#...#.###......#
#...#.###......#
...............# #.
.#..........####
#.................#
# .. ..........####
..........####
####......g@.#
#......##.#
#.........#
#.........#
###..###### #..#
#..# #..# ...#


You could see a hobgoblin.


Message History

Welcome, scionoferis the Demigod Hexslinger.
Below lies the Orb of Zot, rumoured to be powerful enough to resurrect a god...
Press ? for a list of commands and other information.
Found a staircase leading out of the dungeon.
You open the door.
There is an open door here.
You open the door.
There is an open door here.
You open the large door.
There is a large open door here.
A rat comes into view.
Found 7 stones.
You shoot a sling bullet. The sling bullet hits the rat.
You kill the rat!
You hear a shout!
No target in view!
No target in view!
No target in view!
A kobold comes into view. It is wielding a +0 short sword.
The kobold shouts!
You shoot a sling bullet. The sling bullet hits the kobold.
The kobold is heavily wounded.
You shoot a sling bullet.
The sling bullet barely misses the kobold.
The kobold throws a stone.
The stone hits you but does no damage.
You shoot a sling bullet.
The sling bullet closely misses the kobold.
The kobold throws a stone.
The stone hits you but does no damage.
You shoot a sling bullet. The sling bullet misses the kobold.
The kobold throws a stone.
The stone hits you but does no damage.
You shoot a sling bullet.
The sling bullet closely misses the kobold.
A rat comes into view.
You shoot a sling bullet. The sling bullet hits the kobold.
You kill the kobold!
You shoot a sling bullet.
The sling bullet closely misses the rat.
You shoot a sling bullet. The sling bullet hits the rat.
You kill the rat!
Your Fighting skill increases to level 1!
No target in view!
No target in view!
Things that are here:
a +0 short sword; a stone; a kobold corpse
d - a +0 short sword A kobold comes into view.
It is wielding a +0 short sword.
The kobold shouts!
You shoot a sling bullet.
The sling bullet closely misses the kobold.
You shoot a sling bullet. The sling bullet hits the kobold.
The kobold is heavily wounded.
The kobold hits you with a +0 short sword.
You shoot a sling bullet. The sling bullet hits the kobold.
The kobold is severely wounded.
The kobold closely misses you.
You shoot a sling bullet.
The sling bullet closely misses the kobold.
The kobold closely misses you. x2
You shoot a sling bullet. The sling bullet misses the kobold.
The kobold misses you.
You shoot a sling bullet. The sling bullet hits the kobold.
You kill the kobold!
Your Dodging skill increases to level 2!
HP restored.
Things that are here:
a +0 short sword; a kobold corpse A bat comes into view.
The bat moves out of view.
The bat hits you but does no damage.
You shoot a sling bullet. The sling bullet hits the bat.
You kill the bat!
No target in view!
No target in view!
Found a stone staircase leading down.
e - a scroll labelled POEPTO QURCHIAN A quokka comes into view.
You see here 11 gold pieces.
You shoot a sling bullet. The sling bullet hits the quokka.
You kill the quokka!
No target in view!
No target in view!
You now have 11 gold pieces.
A quokka comes into view.
You shoot a sling bullet. The sling bullet hits the quokka.
The quokka is lightly wounded.
No target in view!
No target in view!
You shoot a sling bullet. The sling bullet hits the quokka.
You kill the quokka!
No target in view!
No target in view!
You see here a quokka corpse.
You now have 13 gold pieces (gained 2).
Found a stone staircase leading down.
There is a stone staircase leading down here.
A kobold comes into view. It is wielding a +0 short sword.
You shoot a sling bullet. The sling bullet hits the kobold!
You kill the kobold!
No target in view!
No target in view!
f - a scroll labelled BUOQICAUPE
g - a scroll labelled FUGHUC UXOTE You now have 26 gold pieces (gained 13).
A dart slug comes into view.
Found Nevaw's Antique Weapon Shoppe.
You shoot a sling bullet. The sling bullet hits the dart slug.
The dart slug is severely wounded.
You shoot a sling bullet. The sling bullet hits the dart slug.
The dart slug is almost dead.
The dart slug launches a dart at you. The slug dart hits you.
You shoot a sling bullet. The sling bullet hits the dart slug.
You kill the dart slug!
You have reached level 2!
Found a spear.
There is an entrance to Nevaw's Antique Weapon Shoppe here.
You can access your shopping list by pressing '$'.
A quokka comes into view.
You shoot a sling bullet.
The sling bullet barely misses the quokka.
You shoot a sling bullet. The sling bullet misses the quokka.
You shoot a sling bullet.
The sling bullet closely misses the quokka.
The quokka bites you.
You shoot a sling bullet. The sling bullet hits the quokka.
The quokka is almost dead.
The quokka barely misses you.
You shoot a sling bullet. The sling bullet hits the quokka.
You kill the quokka!
No target in view!
No target in view!
No target in view!
You now have 36 gold pieces (gained 10).
b - 2 scrolls of poison (gained 1)
A giant cockroach comes into view.
A giant cockroach is nearby!
You shoot a sling bullet.
The sling bullet hits the giant cockroach.
The giant cockroach is moderately wounded.
A ball python comes into view. x2
You shoot a sling bullet. The ball python hisses angrily.
The sling bullet hits the giant cockroach.
You kill the giant cockroach!
You shoot a sling bullet. The sling bullet hits the ball python.
The ball python is severely wounded.
The ball python misses you. The ball python barely misses you.
You shoot a sling bullet. The sling bullet hits the ball python!
You kill the ball python!
The ball python bites you. The ball python barely misses you.
The ball python bites you. The ball python barely misses you.
You shoot a sling bullet. The sling bullet hits the ball python.
The ball python is moderately wounded.
The ball python barely misses you. The ball python grabs you.
The ball python constricts you.
You shoot a sling bullet. The sling bullet hits the ball python.
The ball python is severely wounded.
The ball python bites you. The ball python constricts you.
The ball python bites you but does no damage.
The ball python constricts you.
You shoot a sling bullet.
The sling bullet barely misses the ball python.
The ball python barely misses you. The ball python constricts you.
You shoot a sling bullet. The sling bullet hits the ball python.
You kill the ball python!
No target in view!
A hobgoblin comes into view.
You shoot a sling bullet.
The sling bullet hits the hobgoblin but does no damage.
The hobgoblin shouts!
A bat comes into view.
A ball python comes into view.
You shoot a sling bullet. The ball python hisses angrily.
The sling bullet hits the bat but does no damage.
You shoot a sling bullet. The sling bullet barely misses the bat.
The sling bullet closely misses the hobgoblin.
The bat hits you.
You shoot a sling bullet. The sling bullet hits the bat.
The bat is moderately wounded.
The bat barely misses you.
You shoot a sling bullet. The sling bullet barely misses the bat.
The bat completely misses you.
You shoot a sling bullet.
The sling bullet barely misses the hobgoblin.
The sling bullet barely misses the ball python.
The bat misses you. The hobgoblin hits you. The bat barely misses you.
The hobgoblin hits you.
You shoot a sling bullet.
The sling bullet hits the bat but does no damage.
The bat is moderately wounded.
The bat misses you. The hobgoblin barely misses you. The ball python bites you.
The ball python misses you.
You shoot a sling bullet.
The sling bullet barely misses the ball python.
The hobgoblin closely misses you. The ball python bites you.
The ball python grabs you. The ball python constricts you.
You escape the ball python's grasp.
The ball python attacks as you move away!
The ball python bites you. The ball python barely misses you.
The bat hits you but does no damage. The ball python barely misses you.
The ball python grabs you. The ball python constricts you.
You escape the ball python's grasp.
Aiming: Slow (safe; 9% risk of failure)
Press: ? - help, Q - select action, (/) - cycle Shift-Dir - straight line, f/p - ball python
Aim: a ball python (chance to affect: 59%)
The ball python seems to slow down.
The bat closely misses you.
Fire: a) +1 sling
Press: ? - help, Q - select action, (/) - cycle Shift-Dir - straight line, f - hobgoblin, p - ball python
Aim: a hobgoblin (56% to hit)
You shoot a sling bullet. The sling bullet barely misses the bat.
The sling bullet hits the hobgoblin but does no damage.
The bat closely misses you.
Fire: a) +1 sling
Press: ? - help, Q - select action, (/) - cycle Shift-Dir - straight line, f/p - hobgoblin
Aim: a hobgoblin (56% to hit)
You shoot a sling bullet.
The sling bullet barely misses the ball python.
The sling bullet hits the hobgoblin.
The hobgoblin is heavily wounded.
The ball python bites you. The ball python closely misses you.
Fire: a) +1 sling
Press: ? - help, Q - select action, (/) - cycle Shift-Dir - straight line, f/p - hobgoblin
Aim: a hobgoblin (heavily wounded, 56% to hit)
You shoot a sling bullet. The sling bullet hits the ball python.
You kill the ball python!
The bat hits you but does no damage.
Fire: a) +1 sling
Press: ? - help, Q - select action, (/) - cycle Shift-Dir - straight line, f - bat, p - hobgoblin
Aim: a bat (39% to hit)
You shoot a sling bullet.
The sling bullet hits the hobgoblin but does no damage.
The hobgoblin is heavily wounded.
The hobgoblin hits you. The hobgoblin closely misses you.
Fire: a) +1 sling
Press: ? - help, Q - select action, (/) - cycle Shift-Dir - straight line, f/p - bat
Aim: a bat (39% to hit)
You shoot a sling bullet.
The sling bullet barely misses the hobgoblin.
The sling bullet barely misses the bat.
The hobgoblin hits you.
Fire: a) +1 sling
Press: ? - help, Q - select action, (/) - cycle Shift-Dir - straight line, f/p - bat
Aim: a bat (39% to hit)
You shoot a sling bullet.
The sling bullet closely misses the hobgoblin.
The sling bullet closely misses the bat.
The hobgoblin hits you.
Fire: a) +1 sling
Press: ? - help, Q - select action, (/) - cycle Shift-Dir - straight line, f/p - bat
Aim: a bat (39% to hit)
You shoot a sling bullet. The sling bullet hits the hobgoblin.
The hobgoblin is severely wounded.
The hobgoblin hits you.
The hobgoblin hits you but does no damage.
Fire: a) +1 sling
Press: ? - help, Q - select action, (/) - cycle Shift-Dir - straight line, f/p - bat
Aim: a bat (39% to hit)
You shoot a sling bullet.
The sling bullet closely misses the hobgoblin.
The sling bullet hits the bat.
The bat is heavily wounded.
The hobgoblin hits you.
* * * LOW HITPOINT WARNING * * *
Fire: a) +1 sling
Press: ? - help, Q - select action, (/) - cycle Shift-Dir - straight line, f/p - bat
Aim: a bat (heavily wounded, 39% to hit)
You shoot a sling bullet.
The sling bullet closely misses the hobgoblin.
The sling bullet closely misses the bat.
The hobgoblin barely misses you.
Fire: a) +1 sling
Press: ? - help, Q - select action, (/) - cycle Shift-Dir - straight line, f/p - bat
Aim: a bat (heavily wounded, 39% to hit)
You shoot a sling bullet.
The sling bullet hits the hobgoblin but does no damage.
The hobgoblin is severely wounded.
The hobgoblin hits you.
* * * LOW HITPOINT WARNING * * *
The hobgoblin barely misses you.
Fire: a) +1 sling
Press: ? - help, Q - select action, (/) - cycle Shift-Dir - straight line, f/p - bat
Aim: a bat (heavily wounded, 39% to hit)
You shoot a sling bullet.
The sling bullet barely misses the hobgoblin.
The sling bullet hits the bat.
You kill the bat!
The hobgoblin hits you.
You die...

Skill      XL: |  1 |
---------------+----+-----
Fighting       | 1 |  1.3
Dodging        | 2 |  2.3
Ranged Weapons | |  1.7
Stealth        | |  0.9
Spellcasting   | |  1.0
Hexes          | |  2.6

Action                     || total
---------------------------++-------
   Fire: Sling             ||    55
   Cast: Slow              ||     1
 Armour: Robe              ||     8
  Dodge: Dodged            ||    27

Levels and vault maps discovered:
D:1:      sevenhm_arrival_forest_fort_small_3, layout_basic, serial_shops,
          nicolae_shop_advertising_works [nicolae_subvault_shop_adworks],
          roderic_roman_lattice, minmay_misc_feat_enclosed

Notes
Turn   | Place    | Note
-------+----------+-------------------------------------------
     0 | D:1      | scionoferis the Demigod Hexslinger began the quest for the
                  | Orb.
     0 | D:1      | Reached XP level 1. HP: 15/15 MP: 4/4
    28 | D:1      | Reached skill level 1 in Fighting
    55 | D:1      | Reached skill level 2 in Dodging
   248 | D:1      | Found Nevaw's Antique Weapon Shoppe.
   252 | D:1      | Reached XP level 2. HP: 15/23 MP: 5/5
   408 | D:1      | HP: 2/23 [hobgoblin (4)]
   409 | D:1      | Slain by a hobgoblin

Vanquished Creatures
  A dart slug (D:1)
  3 ball pythons (D:1)
  2 bats (D:1)
  A giant cockroach (D:1)
  3 kobolds (D:1)
  3 quokkas (D:1)
  2 rats (D:1)
15 creatures vanquished.

Table legend: (Time is in decaauts)
 A = Elapsed time spent in this place.
 B = Non-inter-level travel time spent in this place.
 C = Inter-level travel time spent in this place.
 D = Time resting spent in this place.
 E = Time spent auto-exploring this place.
 F = Levels seen in this place.
 G = Mean time per level.
                   A        B        C        D        E       F      G
               +--------+--------+--------+--------+--------+-----+--------+
         Total |    426 |    426 |      0 |      0 |    328 |   1 |  426.0 |
       Dungeon |    426 |    426 |      0 |      0 |    328 |   1 |  426.0 |
               +--------+--------+--------+--------+--------+-----+--------+

Top non-repeatable levels by time:
     D:1: 426 daAuts

Table legend:
 A = Non-vault XP
 B = Vault XP
 C = Vault XP percentage of total XP
 D = Non-vault monster count
 E = Vault monster count
 F = Vault count percentage of total count
                 A         B        C        D         E       F
            +---------+---------+-------+---------+---------+-------
      Total |      28 |       0 |   0.0 |      15 |       0 |   0.0
            +---------+---------+-------+---------+---------+-------
        D:1 |      28 |       0 |   0.0 |      15 |       0 |   0.0
            +---------+---------+-------+---------+---------+-------
